Cogmind - Beta 14 @@@ ROGUE MODE // 2024.11.24 @ 01:03:43 Player: WazdakkaGutsmek Result: Self-destructed Performance ------------- Evolutions (4) 2000 Regions Visited (5) 1000 Robots Destroyed (38) 190 Value Destroyed (1653) 1653 Prototype IDs (5) 100 Alien Tech Used (0) 0 Bonus (106) 106 TOTAL SCORE: 5049 Bonus ------- High Alert Combat Kills 106 Cogmind --------- Core Integrity 833/850 Matter 295/300 Energy 294/330 System Corruption 0% Temperature Cool (0) Movement Treading (162) Location -6/Factory Parts ------- > --- POWER (1+1) ------ Cooled Ion Engine Micro Nuclear Core (+) > --- PROPULSION (6) --- Light Treads Light Treads Light Treads Armored Treads > --- UTILITY (6) ------ Improved Cooling System Medium Armor Plating Improved Light Armor Plating Hacking Suite > --- WEAPON (2) ------- Powered Cannon > --- INVENTORY (5) ---- Reinforced Deuterium Engine Aluminum Leg Improved Heat Sink Gravity Neutralizer Improved Light Armor Plating Peak State ------------ > --- POWER ------------ Cooled Ion Engine Micro Nuclear Core > --- PROPULSION ------- Light Treads Light Treads Light Treads Armored Treads > --- UTILITY ---------- Improved Cooling System Gravity Neutralizer Medium Armor Plating Improved Light Armor Plating Medium Reflective Plating Hacking Suite > --- WEAPON ----------- Powered Cannon > --- INVENTORY -------- Reinforced Deuterium Engine Aluminum Leg Improved Heat Sink Improved Light Armor Plating [Rating: 50] Favorites ----------- Power Cooled Ion Engine Engine Cooled Ion Engine Power Core Micro Nuclear Core Propulsion Light Treads Treads Light Treads Leg Aluminum Leg Wheel Subdweller Monowheel Flight Unit Improved VTOL Module Utility Improved Light Armor Plating Device Improved Cooling System Storage Small Storage Unit Hackware Hacking Suite Protection Improved Light Armor Plating Weapon Powered Cannon Energy Gun Subdweller Laser Energy Cannon Powered Cannon Ballistic Gun Subdweller Machine Gun Launcher Grenade Launcher Piercing Weapon Spear Build | -11 -10 -10 -8 -7 -6 ------- Run | Yrd Mat Sub Mat Fac Fac Slots Evolved 8 | . . . 4 2 2 Power . | . . . . . . Propulsion 4 | . . . 2 1 1 Utility 4 | . . . 2 1 1 Weapon . | . . . . . . Parts Attached 41 | . 1 15 4 20 1 Power 6 | . . 2 . 4 . Engine 5 | . . 2 . 3 . Core 1 | . . . . 1 . Reactor . | . . . . . . Propulsion 11 | . . 4 1 6 . Treads 8 | . . 2 . 6 . Leg . | . . . . . . Wheel 2 | . . 2 . . . Hover . | . . . . . . Flight 1 | . . . 1 . . Utility 11 | . . 1 2 7 1 Device 5 | . . 1 1 2 1 Storage . | . . . . . . Processor . | . . . . . . Hackware 1 | . . . 1 . . Protection 5 | . . . . 5 . Artifact . | . . . . . . Weapon 13 | . 1 8 1 3 . Energy Gun 6 | . . 6 . . . Energy Cannon 1 | . . . . 1 . Ballistic Gun 2 | . . 1 1 . . Ballistic Cannon . | . . . . . . Launcher 2 | . 1 1 . . . Special Weapon . | . . . . . . Impact Weapon . | . . . . . . Slashing Weapon . | . . . . . . Piercing Weapon 2 | . . . . 2 . Special Melee Weapon . | . . . . . . Unidentified Prototypes 5 | . . . 2 2 1 Parts Lost 8 | . . 7 . . 1 Power 2 | . . 2 . . . Propulsion 2 | . . 2 . . . Utility 1 | . . . . . 1 Weapon 3 | . . 3 . . . Highest Loss Streak 4 | . . 4 . . 1 To Critical Strikes 1 | . . 1 . . . Average Slot Usage (%) 66 | . 83 69 24 62 74 Engine 5 | . 14 6 . 5 6 Core 1 | . . . . 3 6 Treads 16 | . . 17 . 18 25 Leg 3 | . 28 3 . . . Wheel 2 | . . 5 . . . Device 4 | . . 3 10 4 6 Storage 6 | . 14 13 . . . Hackware 3 | . . . 7 7 6 Protection 6 | . . . . 13 17 Energy Gun 4 | . 11 9 . . . Energy Cannon 2 | . . . . 4 6 Ballistic Gun 5 | . 14 9 7 . . Peak Build Rating 50 | . 6 10 12 44 50 Average Rating 19 | . 5 7 8 31 43 On Entrance 12 | 6 6 5 3 8 44 Naked Turns . | . . . . . . Heaviest Build 42 | 13 13 16 5 42 42 Greatest Support 80 | 20 20 40 9 80 80 Greatest Overweight (x) 3 | . . 3 1 . . Average Overweight (x) . | . . . . . . Largest Inventory Capacity 8 | . 8 8 5 5 5 Average Capacity 6 | . 8 7 5 5 5 Most Carried 8 | . 8 8 4 5 5 Average Carried 3 | . 6 3 2 2 4 Final Capacity 8 | 8 8 5 5 5 5 Final Carried 8 | 6 8 2 3 4 5 Class Distribution -------------------- 57% | Mutant 42% | Scavenger-Mutant Dominant Class ---------------- Mutant | -10/Materials Mutant | -10/Subcaves Mutant | -8/Materials Scavenger-Mutant | -7/Factory Scavenger-Mutant | -6/Factory Resources | -11 -10 -10 -8 -7 -6 ----------- Run | Yrd Mat Sub Mat Fac Fac Matter Collected 730 | 200 . 256 . 254 20 Remotely . | . . . . . . Salvage Created 1640 | . . 265 . 1125 250 Parts 85 | . 1 23 . 51 10 Haulers Intercepted . | . . . . . . Recyclers Shooed 1 | . . . . 1 . Parts Field Recycled . | . . . . . . Retrieved Matter . | . . . . . . Parts Self-Destructed 2 | . . 2 . . . Prevented . | . . . . . . Kills | -11 -10 -10 -8 -7 -6 ------- Run | Yrd Mat Sub Mat Fac Fac Combat Hostiles Destroyed 33 | . . 9 . 20 4 Melee 2 | . . . . 2 . Guns 7 | . . 7 . . . Cannons 18 | . . . . 16 2 AOE 2 | . . 2 . . . Classes Destroyed 12 | . 1 3 . 5 3 Worker 1 | . . . . . 1 Builder 2 | . . . . 2 . Tunneler 1 | . 1 . . . . Watcher 1 | . . . . . 1 Swarmer 2 | . . 2 . . . Grunt 19 | . . . . 16 3 Brawler 1 | . . . . 1 . Duelist 1 | . . . . 1 . Sentry 2 | . . . . 2 . Hunter 1 | . . . . . 1 Artisan 2 | . . 2 . . . Subdweller 7 | . . 7 . . . Best Kill Streak 11 | . 1 3 . 11 3 Combat Bots Only 11 | . . 3 . 11 3 Max Kills in Single Turn 2 | . 1 1 . 1 2 Gunslinging . | . . . . . . Exploded 1 | . . 1 . . . Melee 1 | . . . . 1 . Uniques/NPCs Destroyed . | . . . . . . Combat | -11 -10 -10 -8 -7 -6 -------- Run | Yrd Mat Sub Mat Fac Fac Hostile Shots Fired 240 | . . 89 24 103 24 Missed 79 | . . 31 7 36 5 Damage Taken 2323 | . . 1036 249 760 278 Core 405 | . . 150 191 47 17 Absorbed by Shields . | . . . . . . Ignored by Resistances 136 | . . . . 115 21 Regen/Repaired (Parts) 112 | . . . . . 112 Core Remaining (%) 74 | 100 . 40 65 93 . Volleys Fired 131 | . 2 72 . 43 14 Largest 2 | . 2 2 . 1 1 Hottest 120 | . 50 100 . 120 40 Shots Fired 176 | . 4 115 . 43 14 Gun 113 | . 2 111 . . . Cannon 57 | . . . . 43 14 Launcher 6 | . 2 4 . . . Special . | . . . . . . Kinetic 43 | . 2 41 . . . Thermal 127 | . . 70 . 43 14 Explosive 6 | . 2 4 . . . Electromagnetic . | . . . . . . Robot Hit Streak 21 | . . 12 . 11 21 Robot Miss Streak 6 | . . 6 . 2 1 Penetration Max . | . . . . . . Secondary Targets 1 | . . 1 . . . Max Gunslinging Chain 1 | . . 1 . . . Shots Hit Robots 108 | . . 62 . 34 12 Core Hits 47 | . 1 21 . 20 5 Critical Kills 4 | . . . . 2 2 Critical Parts Destroyed . | . . . . . . Critical Strikes 4 | . . . . 2 2 Meltdown 4 | . . . . 2 2 Melee Attacks 6 | . . . . 6 . Impact . | . . . . . . Slashing . | . . . . . . Piercing 6 | . . . . 6 . Sneak Attacks . | . . . . . . Combat Hostiles . | . . . . . . Follow-up Attacks . | . . . . . . Damage Inflicted 3686 | . 93 1041 15 1798 739 Guns 789 | . . 789 . . . Cannons 2189 | . . . . 1639 550 Explosions 523 | . 82 252 . . 189 Melee 153 | . . . . 153 . Ramming 32 | . 11 . 15 6 . Kinetic 350 | . . 350 . . . Thermal 2817 | . . 439 . 1639 739 Explosive 334 | . 82 252 . . . Electromagnetic . | . . . . . . Impact . | . . . . . . Slashing . | . . . . . . Piercing 153 | . . . . 153 . Highest Corruption . | . . . . . . Average Corruption . | . . . . . . Corruption Purged . | . . . . . . Corruption Blocked . | . . . . . . Overload Shots 4 | . . . . 4 . Effects 1 | . . . . 1 . Heat Surge 1 | . . . . 1 . Overflow Damage 197 | . . . . 92 105 Projectiles 112 | . . . . 92 20 Explosions 85 | . . . . . 85 Melee . | . . . . . . Knockbacks . | . . . . . . Impact . | . . . . . . Kinetic . | . . . . . . Secondary . | . . . . . . Self-Inflicted Damage 7 | . . . 7 . . Shots . | . . . . . . Rammed 4 | . . . 2 2 . Targets Rammed 8 | . 3 . 2 3 . Kicked 3 | . 3 . . . . Crushed 1 | . . . . 1 . Highest Temperature 439 | . . . . 439 12 Average Temperature 81 | . . . . 87 4 Received Heat Transfer 651 | . . 60 72 456 63 Effects 2 | . . . . 2 . Shutdowns 1 | . . . . 1 . Interference 1 | . . . . 1 . Siege Activations . | . . . . . . Robots Corrupted . | . . . . . . Combat Hostiles . | . . . . . . Parts Fried . | . . . . . . Impact Corruptions . | . . . . . . Robots Melted 4 | . . . . 2 2 Combat Hostiles 4 | . . . . 2 2 Parts Melted 4 | . . 1 . 1 2 Heat Transferred 900 | . . 750 . . 150 Parts Sabotaged . | . . . . . . Parts Stolen . | . . . . . . Parts Stripped . | . . . . . . Power Chain Reactions . | . . . . . . Alert | -11 -10 -10 -8 -7 -6 ------- Run | Yrd Mat Sub Mat Fac Fac Peak Influence 576 | . 12 . 81 576 443 Initial 282 | . . . . 36 282 Average 206 | . 1 . 24 213 344 Maximum Alert Level 2 | . . . . 2 2 Low Security (%) 54 | . 100 . 100 65 . Level 1 27 | . . . . 4 89 Level 2 17 | . . . . 29 10 Level 3 . | . . . . . . Level 4 . | . . . . . . Level 5 . | . . . . . . High Security . | . . . . . . Max Security . | . . . . . . Squads Dispatched 7 | . . . 1 5 1 Investigation 1 | . . . . . 1 Extermination . | . . . . . . Reinforcement 4 | . . . 1 3 . Assault 1 | . . . . 1 . Garrison 1 | . . . . 1 . Intercept . | . . . . . . Searches Triggered . | . . . . . . Construction Impeded 1 | . . . . 1 . Haulers Reinforced . | . . . . . . Active Scanning Responses . | . . . . . . Cargo Convoy Interrupts . | . . . . . . Stealth | -11 -10 -10 -8 -7 -6 --------- Run | Yrd Mat Sub Mat Fac Fac Distress Signals 1 | . . . . . 1 Communications Jammed . | . . . . . . Distress Signals . | . . . . . . Times Spotted 55 | . . 12 6 31 6 Peak Tracking Total 5 | . . 3 5 5 3 Tactical Retreats 1 | . . . . 1 . Traps | -11 -10 -10 -8 -7 -6 ------- Run | Yrd Mat Sub Mat Fac Fac Traps Triggered 2 | . . . 1 1 . Indirectly . | . . . . . . Trap Hack Attempts . | . . . . . . Triggered . | . . . . . . Disarmed . | . . . . . . Reprogrammed . | . . . . . . Reused . | . . . . . . Traps Extracted . | . . . . . . Installed . | . . . . . . Triggered . | . . . . . . Machines | -11 -10 -10 -8 -7 -6 ---------- Run | Yrd Mat Sub Mat Fac Fac Machines Disabled 4 | . . . . 2 2 Max in Single Turn 2 | . . . . 1 2 Garrison Access 1 | . . . . 1 . Machines Repaired . | . . . . . . Machines Dismantled . | . . . . . . Machines Sabotaged . | . . . . . . Overloaded Fab Kills . | . . . . . . Hacking | -11 -10 -10 -8 -7 -6 --------- Run | Yrd Mat Sub Mat Fac Fac Machines Accessed 8 | . . 1 2 1 4 Terminals 5 | . . . 2 1 2 Fabricators . | . . . . . . Repair Stations 1 | . . . . . 1 Recycling Units . | . . . . . . Scanalyzers . | . . . . . . Garrison Access 1 | . . . . . 1 Total Hacks 18 | . . 4 6 1 7 Successful 11 | . . 4 4 . 3 Failed 7 | . . . 2 1 4 Catastrophic 1 | . . . . . 1 Database Lockouts . | . . . . . . Manual 11 | . . . 6 1 4 Terminals 10 | . . . 6 1 3 Fabricators . | . . . . . . Repair Stations 2 | . . . . . 2 Recycling Units . | . . . . . . Scanalyzers . | . . . . . . Garrison Access 2 | . . . . . 2 Terminal Hacks 6 | . . 4 1 . 1 Record 4 | . . 4 . . . Open DSF 1 | . . . . . 1 Terminal Index 1 | . . . 1 . . Fabricator Hacks . | . . . . . . Repair Station Hacks . | . . . . . . Recycling Unit Hacks . | . . . . . . Scanalyzer . | . . . . . . Garrison Access Hacks . | . . . . . . Unauthorized Hacks 5 | . . . 3 . 2 Terminals 4 | . . . 3 . 1 Botnet 1 | . . . 1 . . Skim 3 | . . . 2 . 1 Fabricators . | . . . . . . Repair Stations 1 | . . . . . 1 Patch 1 | . . . . . 1 Recycling Units . | . . . . . . Scanalyzers . | . . . . . . Garrison Access . | . . . . . . Data Cores Recovered . | . . . . . . Used . | . . . . . . Hacking Detections 6 | . . . 2 1 3 Full Trace Events . | . . . . . . Feedback Events . | . . . . . . Feedback Blocked . | . . . . . . Robot Schematics Acquired . | . . . . . . Robots Built . | . . . . . . Authchips . | . . . . . . Time . | . . . . . . Total Robot Build Rating . | . . . . . . Part Schematics Acquired . | . . . . . . Parts Built . | . . . . . . Authchips . | . . . . . . Time . | . . . . . . Total Part Build Rating . | . . . . . . Parts Repaired . | . . . . . . Time . | . . . . . . Parts Recycled . | . . . . . . Recycled Matter . | . . . . . . Retrieved Matter . | . . . . . . Retrieved Components . | . . . . . . Parts Scanalyzed . | . . . . . . Part Schematics Acquired . | . . . . . . Parts Damaged . | . . . . . . Bothacking | -11 -10 -10 -8 -7 -6 ------------ Run | Yrd Mat Sub Mat Fac Fac Used RIF Installer . | . . . . . . Robots Hacked . | . . . . . . Non-combat . | . . . . . . Combat . | . . . . . . Robot Hacks Applied . | . . . . . . Relay Couplers Released 1 | . . . . 1 . Machine Destruction 1 | . . . . 1 . Fabnet Peak Effective % . | . . . . . . Robots Rewired . | . . . . . . Allies Hacked . | . . . . . . Hacks Repelled . | . . . . . . Allies | -11 -10 -10 -8 -7 -6 -------- Run | Yrd Mat Sub Mat Fac Fac Total Allies . | . . . . . . Largest Group . | . . . . . . Highest-Rated Group . | . . . . . . Highest-Rated Ally . | . . . . . . Total Orders . | . . . . . . Ally Attacks . | . . . . . . Total Damage . | . . . . . . Kills . | . . . . . . Allies Corrupted . | . . . . . . Allies Melted . | . . . . . . Intel | -11 -10 -10 -8 -7 -6 ------- Run | Yrd Mat Sub Mat Fac Fac Robot Analysis Total . | . . . . . . Derelict Logs Recovered 1 | . . 1 . . . Drone Launches . | . . . . . . Drone Recoveries . | . . . . . . Exploration | -11 -10 -10 -8 -7 -6 ------------- Run | Yrd Mat Sub Mat Fac Fac Turns Passed 2181 | . 120 952 144 624 341 Spaces Moved 1398 | 1 63 573 175 404 182 Core 243 | . . 78 165 . . Treads 679 | . . 277 . 220 182 Legs 137 | 1 63 73 . . . Wheels 145 | . . 145 . . . Hover . | . . . . . . Flight 194 | . . . 10 184 . Fastest Speed 35 | 120 120 50 35 35 162 Average Speed 118 | 120 120 128 73 105 162 Slowest Speed 200 | 120 120 200 100 170 162 Overloaded Moves . | . . . . . . Propulsion Burnouts . | . . . . . . Robots Hopped 10 | . . . 2 8 . Cave-ins Triggered . | . . . . . . Exploration Rate (%) 12 | 1 12 29 21 10 4 Regions Visited 5 Branch Regions 1 Pre-discovered Areas 2 | . . 2 . . . Known Exits Taken . | . . . . . . Unknown Exits Taken 5 | 1 1 1 1 1 . Scrap Searched . | . . . . . . Spaces Dug . | . . . . . . Terrain Destroyed 47 | . 12 13 . 10 12 Melee . | . . . . . . Projectile 11 | . . . . 10 1 AOE 36 | . 12 13 . . 11 Terrain Rammed . | . . . . . . Walls Destroyed . | . . . . . . Machines Disabled . | . . . . . . Actions | -11 -10 -10 -8 -7 -6 --------- Run | Yrd Mat Sub Mat Fac Fac Total 1725 | . 103 676 186 544 216 Wait 125 | . 33 1 5 68 18 Move 1375 | . 62 572 170 389 182 Hop 8 | . . . 2 6 . Pick Up 8 | . 1 3 2 2 . Fast Attach 21 | . . 5 3 12 1 Attach 15 | . . 8 1 6 . Detach 7 | . 1 1 . 4 1 Swap 5 | . 1 2 . 2 . Drop 16 | . . 12 1 3 . Fire 131 | . 2 72 . 43 14 Melee 6 | . . . . 6 . Ram 2 | . . . 2 . . Kick 3 | . 3 . . . . Crush 3 | . . . . 3 . Escape Stasis . | . . . . . . Rewire . | . . . . . . Trap . | . . . . . . Miscellaneous . | . . . . . . Route ------- -11/Scrapyard -10/Materials (discovered 2 exits: [*Min] / *Sub) -10/Subcaves -8/Materials -7/Factory -6/Factory History --------- Turn | Location | Event 1 | -11/Scrapyard | Discovered new exit (range 0) 1 | -11/Scrapyard | Entered Materials 107 | -10/Materials | Discovered new exit (range 10) 115 | -10/Materials | Discovered new exit (range 14) 121 | -10/Materials | Entered Subcaves 281 | -10/Subcaves | A Subdweller sparked back to life 281 | -10/Subcaves | A Subdweller sparked back to life 281 | -10/Subcaves | A Subdweller sparked back to life 320 | -10/Subcaves | Build established: Mutant 325 | -10/Subcaves | Found Prototype Energy Cannon 577 | -10/Subcaves | Learned Materials terminal intel 839 | -10/Subcaves | Core integrity fell below 50% 873 | -10/Subcaves | Lost 4 parts (1p2n1w) 1058 | -10/Subcaves | Visited Clippyterm 1060 | -10/Subcaves | Learned location of Section 7 (-3) 1060 | -10/Subcaves | Learned location of Extension (-4) 1066 | -10/Subcaves | Discovered new exit (range 15) 1073 | -10/Subcaves | Entered Materials 1073 | -8/Materials | Evolved 4 slots: Propulsion x2, Utility x2 1074 | -8/Materials | Loaded intel: 12 terminal locations 1209 | -8/Materials | Discovered new exit (range 8) 1217 | -8/Materials | Entered Factory 1217 | -7/Factory | Evolved 2 slots: Propulsion x1, Utility x1 1477 | -7/Factory | Identified Powered Cannon 1478 | -7/Factory | Attached Powered Cannon, gained temporary slot: Power 1624 | -7/Factory | Garrison activated, responded to threat 1679 | -7/Factory | Destroyed 11 combat bots 1751 | -7/Factory | Build established: Scavenger-Mutant 1835 | -7/Factory | Discovered new exit (range 4) 1841 | -7/Factory | Entered another Factory area 1841 | -6/Factory | Evolved 2 slots: Propulsion x1, Utility x1 2182 | -6/Factory | Self-destructed Last Messages --------------- 01994_ Identified Gravity Neutralizer. 02007_ Connecting with Terminal... >>Trojan(Skim) Trojan loaded successfully. Testing... Terminal linked with 0 systems. Please expand to 4 more systems! 02118_ Connecting with Garrison Access... 02146_ W-25 Informer sends out distress signal. 02147_ Fusion Modulator explodes. 02147_ Terminal disabled. 02147_ Destroyed Lgt. Deuterium Engine. 02147_ W-25 Informer destroyed. 02147_ Med. Reflective Plating destroyed. 02147_ Penetrated by Slug. 02152_ K-01 Serf collects debris. 02166_ Slug penetrates Wall. 02175_ Penetrated by Slug. 02180_ H-66 Slayer suffers critical hit (Meltdown). Map ----- +----------------------------------------------------+ | ???????? ?????????????????????????????????????? | | ???????? #?????????????????????????????????????? | | ????????? #?????????????????????????????????????? | | ????????? #?????????????????????????????????????? | | ????????? #?????????????????????????????????????? | | ????????? #??????????????#+#????????????????????? | | ?????????# #??????????????# #????????????????????? | | ?????????# #??############# ###??????????????????? | | ####????## ##?# ##T # #??????????????????? | | *!###### ### ######+##??????????? | | ![%[ ???????? | | *[=###### ### ???????? | | #%##????##+##?# ##### ???????? | | #%#????? ?############ = ;#####?????????? | | # #??? !## # %! ;!?????????????? | | # #? """"""" ## """ """ + ! ;??????????????? | | # ## """"""" ## """ """ # ;??????????????? | | ## """"""" ## """ """ # ;??????????????? | | ## """"""" ## # #??????????????? | | #????? ## # #??????????????? | | #?????????#### # "" #??????????????? | | #????????????# # #??????????????? | | #????????????###+####### ???????????????? | | #????????????# #???# ###+##########???????? | | +????????????# "" #####% ; #???????? | | #????????????# T @ + " " " " " #???????? | | #????????????# ######## " " " " " ????????? | | #????????????# ## # " " " " " #???????? | | #????########## ### # " " " " " #???????? | | #+#????# ! # ### # " " " " " #???????? | | ???????# + + # " " " " " #???????? | | ???????# """" # #######+# " " " " " #???????? | | ???????# """" + #?????# + " " " " " #???????? | | ???????# """" ## #?????# # " " " " " #???????? | | ???????# """" !## ####### # #???????? | | ???????# ## # ] #???????? | | ???????# "" "" ## ########+#####???????? | | ???????# ""G"" ## ######## #???????????? | | ???????########### #???????????? | | ?????????????????#####################???????????? | | ?????????????????????????????????????????????????? | | ?????????????????????????????????????????????????? | | ?????????????????????????????????????????????????? | | | | | | | | | | | | | | | +----------------------------------------------------+ Best States ------------- Heat Dissipation 64 Energy Generation 24 Energy Capacity 330 Matter Stores 300 Matter Capacity 300 Sight Range 21 Terrain Scan Density 10 Additional Mass Support 6 Armor Coverage 600 Resistance: TH 15 Evasion (%) 63 Recoil Reduction 4 Offensive Hacking 10 Item Schematics ----------------- None Robot Schematics ------------------ None Fabricated ------------ Nothing Alien Tech Used ----------------- None Achievements -------------- None Challenges ------------ None Game ------ Seed MatterPiercingInjector Manual? 0 Play Time 00:26:03 Cumulative 144.8 hours Start 2024.11.24 @ 00:24:26 End 2024.11.24 @ 01:03:43 Sessions 1 Manual Loads 0 Difficulty Rogue Special Mode None Game No. 128 Rogue 109 Adventurer 16 Explorer 3 Win Type - Total 10 Types 8/0/1/1/0/0/0/0/0 Lore% 31 Gallery% 67 Achievement% 59 Wizard Run 0 Options --------- Layout 2 ASCII 0 Keyboard 0 Movement Numpad Keybinds 1 Fullscreen 1 Font 24/Terminus Map View 50x44 Zoom Use 0% Tactical HUD 1 Map Filters NONE Filters NONE Steam 1 RUN: e6ee7d00-aa0b-49f7-a072-3a0cdd204617